Map: [ESL] Inside and Out

Players

HydraulixxD

  • Race: Terran Terran
  • Spawn Location: 7:00

Killermonjas - Winner!

  • Race: Protoss Protoss
  • Spawn Location: 1:00

Event: DreamHack SC2 Masters 2022 Valencia

VOD

Have the link to the VOD?

Description

Time

  • Played on: July 1, 2022, 6:38 a.m.
  • Length: 6:28

All games in this series

Show
View Real Time Build Order
Export as new Build Order

HydraulixxD Terran 

Build Orders: Reaper Expand 

Get SALT Encoding   

  12  0:00  SCV  
  13  0:12  SCV  
  14  0:17  Supply Depot  
  14  0:24  SCV  
  15  0:38  SCV  
  15  0:40  Barracks  
  16  0:44  Refinery  
  16  0:51  SCV  
  17  1:03  SCV  
  18  1:16  SCV  
  19  1:27  Reaper  
  19  1:30  Orbital Command  
  20  1:44  Command Center  
  20  1:56  SCV  
  20  1:59  Marine  
  22  2:02  Supply Depot  
  22  2:08  Factory  
  22  2:11  SCV  
  22  2:14  Refinery  
  23  2:21  Barracks Reactor  
  23  2:23  SCV  
  24  2:35  SCV  
  24  2:48  SCV  
  24  2:51  Bunker  
  25  2:55  Starport  
  25  3:02  SCV  
  25  3:03  Orbital Command  
  25  3:05  Hellion  
  28  3:06  Hellion  
  28  3:07  Barracks Tech Lab  
  30  3:14  SCV  
  31  3:25  Supply Depot  
  31  3:26  SCV  
  32  3:30  Widow Mine x2  
  36  3:35  SCV  
  36  3:38  SCV  
  38  3:47  Marauder  
  38  3:52  SCV  
  38  3:54  Widow Mine  
  41  4:02  SCV  
  37  4:21  Hellion x2  
  37  4:22  Marine  
  39  4:33  SCV x2  
  41  4:40  Marine  
  41  4:42  Widow Mine  
  42  4:52  SCV x2  
  37  5:04  SCV  
  38  5:22  SCV  
  38  5:23  SCV  
  38  5:25  Marine  
  38  5:27  Viking  
  30  5:43  Widow Mine  
  32  5:51  Widow Mine  
  32  5:56  Marine  
Show
View Real Time Build Order
Export as new Build Order

Killermonjas Protoss - Winner!

Build Orders:  

Get SALT Encoding   

  12  0:00  Probe  
  13  0:12  Probe  
  14  0:17  Pylon  
  14  0:24  Probe (Chrono Boost)  
  16  0:36  Gateway  
  16  0:37  Probe (Chrono Boost)  
  16  0:42  Probe (Chrono Boost)  
  16  0:45  Assimilator  
  17  0:51  Probe  
  17  0:54  Assimilator  
  18  1:03  Probe  
  19  1:16  Probe  
  20  1:25  Cybernetics Core  
  20  1:28  Probe  
  20  1:30  Pylon  
  21  1:40  Probe  
  24  1:57  Probe  
  24  2:00  Stalker (Chrono Boost)  
  23  2:07  Robotics Facility  
  25  2:09  Probe  
  26  2:17  Warp Gate  
  26  2:35  Stalker  
  27  2:39  Pylon  
  27  2:53  Immortal (Chrono Boost)  
  31  2:59  Pylon  
  31  3:21  Warp Prism (Chrono Boost)  
  31  3:24  Nexus  
  33  3:36  Twilight Council  
  33  3:52  Observer  
  33  3:53  Probe  
  35  4:18  Immortal  
  39  4:34  Probe  
  39  4:35  Dark Shrine  
  40  4:38  Gateway  
  40  4:41  Zealot  
  42  4:56  Warp Prism  
  42  5:05  Zealot  
  44  5:08  Gateway  
  44  5:10  Probe x2  
  44  5:13  Pylon  
  44  5:31  Zealot  
  33  5:51  Dark Templar x2  
  33  5:53  Probe  
  33  5:54  Probe  
  33  5:56  Pylon  
  39  6:05  Probe  
  39  6:11  Probe  

Tags
 
Add a new tag
Caveats
  • Supply blocks, unpowered buildings, or Contaminate may cause inaccurate times.
  • Supply counts are checked every 10 seconds.